 Dungeon Crawl Stone Soup version 0.31-a0-986-g5e6e4ef867 (webtiles) character file.

Game seed: 18126529403213180350

216 wildpjah the Digger (level 5, -1/38 HPs)
             Began as a Draconian Earth Elementalist on Nov 18, 2023.
             Killed by nerve-wracking pain
             ... invoked by Grinder
              (13 damage)
             ... on level 3 of the Dungeon.
             The game lasted 00:07:11 (3330 turns).

wildpjah the Digger (Draconian Earth Elementalist)  Turns: 3330, Time: 00:07:12

Health: -1/38      AC:  6    Str: 12    XL:     5   Next: 61%
Magic:  8/9        EV: 12    Int: 16    God:
Gold:   137        SH:  0    Dex: 11    Spells: 9/10 levels left

rFire   . . .        o - +2 hand axe (elec)
rCold   . . .        (no shield)
rNeg    . . .        (body armour unavailable)
rPois   .            (helmet restricted)
rElec   .            (no cloak)
rCorr   .            (no gloves)
SInv    .            k - +0 pair of boots
Will    .....        r - amulet of magic regeneration
Stlth   ++           d - +4 ring of slaying
HPRegen 0.26/turn    (no ring)
MPRegen 0.51/turn

%: no passive effects
@: no status effects
A: AC +5, unfitting armour, cold-blooded
a: no special abilities


You were on level 3 of the Dungeon.
You visited 1 branch of the dungeon, and saw 3 of its levels.

You collected 137 gold pieces.

Inventory:

Hand Weapons
 o - a +2 hand axe of electrocution (weapon)
Armour
 k - a +0 pair of boots (worn)
Jewellery
 d - a +4 ring of slaying (left hand)
 l - an amulet of guardian spirit
 r - an amulet of magic regeneration (around neck)
Scrolls
 c - a scroll of noise {unknown}
 e - a scroll of immolation {unknown}
 f - 2 scrolls of fear {unknown}
 g - 2 scrolls of identify {unknown}
 j - a scroll of brand weapon {unknown}
 m - a scroll of revelation {unknown}
 s - 2 scrolls of summoning {unknown}
Potions
 a - a potion of magic
 b - a potion of might
 h - a potion of ambrosia {unknown}
 i - a potion of heal wounds {unknown}
 n - a potion of mutation {unknown}
 p - a potion of cancellation {unknown}
 q - 2 potions of curing {unknown}


   Skills:
 + Level 1.8 Dodging
 + Level 2.2 Stealth
 + Level 0.1 Unarmed Combat
 + Level 3.3 Spellcasting
 + Level 1.0 Transmutations
 + Level 5.4 Earth Magic


You had 9 spell levels left.
You knew the following spells:

 Your Spells              Type           Power      Damage    Failure   Level
a - Sandblast             Erth           38%        2d10      1%          1

Your spell library contained the following spells:

 Spells                   Type           Power      Damage    Failure   Level
 Passwall                 Tmut/Erth      10%        N/A       8%          2
 Stone Arrow              Conj/Erth      22%        3d8       19%         3
 Sublimation of Blood     Necr           2%         N/A       28%         2
 Petrify                  Tmut/Erth      12%        N/A       43%         4
 Brom's Barrelling Bould  Conj/Erth      11%        2d3       52%         4
 Irradiate                Conj/Tmut      2%         3d12      99%         5


Dungeon Overview and Level Annotations

Branches:
Dungeon (3/15)

Altars:
Hepliaklqana
Kikubaaqudgha
Xom
Zin
The Shining One

Shops:
D:1 *   D:2 [(*

Annotations:
D:3 Grinder


Innate Abilities, Weirdness & Mutations

Your plain brown scales are hard. (AC +5)
You cannot fit into any form of body armour.
You are cold-blooded and may be slowed by cold attacks.


Message History

The blast of sand hits Grinder!
Grinder is moderately wounded.
Aiming: Sandblast (safe; 1% risk of failure)
Press: ? - help, Q - select action Shift-Dir - straight line, f/p - Grinder
Aim: Grinder (moderately wounded, 80% to hit)
The blast of sand hits Grinder!
Grinder is heavily wounded.
Grinder hits you.
You writhe in agony.
You barely miss Grinder. Your punch misses Grinder.
Grinder is heavily wounded.
Grinder gestures at you.
You suddenly lose the ability to move!
Grinder hits you but does no damage. Grinder hits you!
You can move again.
You hit Grinder.
Grinder is heavily wounded.
Grinder gestures at you. You resist with significant effort. Grinder hits you!
You writhe in agony.
* * * LOW HITPOINT WARNING * * *
Unknown command.
Aiming: Sandblast (safe; 1% risk of failure)
Press: ? - help, Q - select action Shift-Dir - straight line, f/p - Grinder
Aim: Grinder (heavily wounded, 80% to hit)
The blast of sand hits Grinder!
Grinder is severely wounded.
Grinder gestures at you.
You suddenly lose the ability to move!
Grinder blinks!
You can move again.
Aiming: Sandblast (safe; 1% risk of failure)
Press: ? - help, Q - select action Shift-Dir - straight line, f/p - Grinder
Aim: Grinder (severely wounded, 80% to hit)
The blast of sand hits Grinder.
Grinder is almost dead.
Grinder says, "Just stop there for a second..."
Grinder gestures at you. Pain shoots through your body!
You die...
Grinder says, "Now the real fun starts!"

### #.# ############## #..
...........†.# #.# ############.#
#.# ### #.###.######'# ##
#.#.........######l## # ######
#.#.#@#####..'.##l#Z## # #....#
#.#.#.# #..#.#####.# # #....#
#.#.#5#####.##..._#l#
###....#####........###'##.8.###
.....)...<####.#<##.#...##_..###
(......#####..<#.# ########...#
##.#.#.# #.#.#.# ###'# ##.#.#.#
#.#.#.# # #..#
##.#.#.#####.#.#.##.#########..##


You could see Grinder.

Vanquished Creatures
  An iguana (D:3)
  Terence (D:2)
  Natasha (thrice) (D:2)
  2 adders (D:2)
  A worm (D:3)
  5 dart slugs
  5 orcs (D:3)
  4 endoplasms
  6 goblins
  4 hobgoblins
  3 jackals (D:1)
  A quokka (D:1)
  5 ball pythons
  2 bats
  3 frilled lizards
  7 kobolds
  5 rats
58 creatures vanquished.

Notes
Turn   | Place    | Note
-------+----------+-------------------------------------------
     0 | D:1      | wildpjah the Draconian Earth Elementalist began the quest
                  | for the Orb.
     0 | D:1      | Reached XP level 1. HP: 14/14 MP: 3/3
   170 | D:1      | Reached XP level 2. HP: 20/20 MP: 3/5
   940 | D:1      | Reached XP level 3. HP: 26/26 MP: 4/6
  1041 | D:1      | Found Fynten's General Store.
  1468 | D:2      | Noticed Natasha
  1474 | D:2      | Killed Natasha
  1475 | D:2      | Reached skill level 4 in Earth Magic
  1597 | D:2      | Reached XP level 4. HP: 33/33 MP: 4/8
  1784 | D:2      | Found Pinadghi's General Store.
  1857 | D:2      | Noticed Terence
  1862 | D:2      | Noticed Natasha
  1870 | D:2      | Killed Terence
  1878 | D:2      | Killed Natasha
  1964 | D:2      | Noticed Natasha
  1969 | D:2      | Killed Natasha
  1970 | D:2      | Reached skill level 5 in Earth Magic
  1970 | D:2      | Reached XP level 5. HP: 38/38 MP: 5/9
  2152 | D:2      | Found Mazxutsuop's Antique Weapon Shop.
  2391 | D:2      | Found Yvulo's Antique Armour Boutique.
  2454 | D:3      | Noticed Grinder
  2641 | D:3      | Found an ancient bone altar of Kikubaaqudgha.
  2886 | D:3      | Found a glowing silver altar of Zin.
  3114 | D:3      | Found a glowing golden altar of the Shining One.
  3292 | D:3      | Found a hazy altar of Hepliaklqana.
  3293 | D:3      | Found a shimmering altar of Xom.
  3293 | D:3      | Noticed a wyvern
  3294 | D:3      | Noticed a spectral ugly thing
  3294 | D:3      | Noticed a wyvern
  3294 | D:3      | Noticed a wyvern
  3324 | D:3      | Paralysed by Grinder for 3 turns
  3328 | D:3      | Paralysed by Grinder for 2 turns
  3330 | D:3      | Killed from afar by Grinder

Illustrated notes

Levels and vault maps discovered:
D:1:      eino_arrival_druids_welcome, layout_loops_ring,
          serial_co_window_serial, co_window_paths_b,
          co_window_of_opportunity_a, co_window_paths_a, co_window_paths_a,
          co_window_corner_a, co_window_corner_a, co_window_paths_a,
          co_window_cross_4, co_window_2corner, co_window_corner_b,
          co_window_broadway_c, co_window_broadway_b, co_window_corner_b,
          co_window_4corner_b, serial_shops, shop
D:2:      layout_basic, serial_shops, shop, nicolae_shop_stone,
          nicolae_shop_competitors_out_of_business, uniq_terence, uniq_natasha
D:3:      layout_basic, regret_index_temple_of_mockery,
          nicolae_overflow_crystal_walls, mainiacjoe_overflow_boulevard,
          nicolae_tso_swordbearing_angel, uniq_grinder

Skill      XL: |  1  2  3  4 |
---------------+-------------+-----
Stealth        | 2 |  2.2
Earth Magic    | 4 5 |  5.4
Spellcasting   | 3 |  3.3
Dodging        | |  1.8
Unarmed Combat | |  0.1
Transmutations | |  1.0

Action                     |  1- 3 |  4- 6 || total
---------------------------+-------+-------++-------
  Melee: Unarmed           |     2 |     7 ||     9
         Tailslap          |       |     1 ||     1
         Hand axe          |       |     2 ||     2
   Cast: Sandblast         |    44 |    49 ||    93
    Use: Potion            |       |     1 ||     1
 Armour: Skin              |     8 |    23 ||    31
  Dodge: Dodged            |     7 |    21 ||    28

Table legend: (Time is in decaauts)
 A = Elapsed time spent in this place.
 B = Non-inter-level travel time spent in this place.
 C = Inter-level travel time spent in this place.
 D = Time resting spent in this place.
 E = Time spent auto-exploring this place.
 F = Levels seen in this place.
 G = Mean time per level.
                   A        B        C        D        E       F      G
               +--------+--------+--------+--------+--------+-----+--------+
         Total |   3383 |   3248 |    135 |      0 |   2781 |   3 | 1127.7 |
       Dungeon |   3383 |   3248 |    135 |      0 |   2781 |   3 | 1127.7 |
               +--------+--------+--------+--------+--------+-----+--------+

Top non-repeatable levels by time:
     D:1: 1484 daAuts
     D:2: 1019 daAuts
     D:3: 879 daAuts
